 Dungeon Crawl Stone Soup version 0.21-a0-442-g848f44b (webtiles) character file.

5465 tof the Carver (level 10, -7/91 HPs)
             Began as a Minotaur Berserker on Nov 15, 2017.
             Was a High Priest of Trog.
             Mangled by a death yak (14 damage)
             ... on level 9 of the Dungeon.
             The game lasted 00:11:36 (8817 turns).

tof the Carver (Minotaur Berserker)                 Turns: 8817, Time: 00:11:37

Health: -7/91      AC: 12    Str: 22    XL:     10   Next: 41%
Magic:  3/3        EV: 12    Int:  4    God:    Trog [*****.]
Gold:   480        SH:  0    Dex: 13    Spells: 9/9 levels left

rFire    . . .     SeeInvis .   G - +2 demon blade (antimagic)
rCold    . . .     Gourm    .   (no shield)
rNeg     . . .     Faith    +   E - -1 chain mail (curse)
rPois    .         Spirit   .   (helmet restricted)
rElec    .         Reflect  .   z - +1 cloak
rCorr    .         Harm     .   (no gloves)
MR       .....                  (no boots)
Stlth    ..........             q - amulet of faith
HPRegen  0.25/turn              (no ring)
MPRegen  0.08/turn              (no ring)

@: berserk cooldown, slowed, very slow
A: retaliatory headbutt, horns 2
a: Berserk, Trog's Hand, Brothers in Arms, Burn Spellbooks, Renounce Religion


You were on level 9 of the Dungeon.
You worshipped Trog.
Trog was extremely pleased with you.
You were very hungry.

You visited 1 branch of the dungeon, and saw 9 of its levels.
You also visited: Sewer.

You collected 480 gold pieces.

Inventory:

Hand Weapons
 G - a +2 antimagic demon blade (weapon)
Missiles
 D - 3 steel tomahawks (quivered)
Armour
 e - a +0 ring mail
 z - a +1 cloak (worn)
 E - a cursed -1 chain mail (worn)
Jewellery
 q - an amulet of faith (around neck)
 x - an uncursed amulet of magic regeneration {unknown}
 I - an uncursed amulet of rage {unknown}
Wands
 i - a wand of lightning (7/15)
 t - a wand of iceblast (6/15)
 w - a wand of lightning (5/15)
 M - a wand of random effects (30/48)
Scrolls
 a - a scroll of enchant armour {unknown}
 b - 4 scrolls of teleportation
 g - 3 scrolls of fear
 l - 4 scrolls of identify
 n - 2 scrolls of fog
 B - a scroll of magic mapping
 C - 3 scrolls of remove curse
 J - a scroll of recharging {unknown}
Potions
 d - 3 potions of lignification {unknown}
 f - 2 potions of magic {unknown}
 h - 2 potions of invisibility {unknown}
 j - 3 potions of brilliance {unknown}
 k - 4 potions of haste
 m - 2 potions of degeneration {unknown}
 o - a potion of resistance {unknown}
 p - 2 potions of agility {unknown}
 r - 2 potions of heal wounds {unknown}
 u - 5 potions of flight {unknown}
 v - a potion of mutation {unknown}
 A - a potion of curing {unknown}
Books
 y - a book of Frost

   Spells                             Type                      Level
   a - Freeze                         Ice                          1
   b - Throw Frost                    Conjuration/Ice              2
   c - Ozocubu's Armour               Charms/Ice                   3
   d - Throw Icicle                   Conjuration/Ice              4
   e - Summon Ice Beast               Ice/Summoning                4
   Trog disapproves of the use of such an item.
 K - a book of Geomancy

   Spells                             Type                      Level
   a - Sandblast                      Earth                        1
   b - Passwall                       Transmutation/Earth          2
   c - Stone Arrow                    Conjuration/Earth            3
   d - Petrify                        Transmutation/Earth          4
   e - Lee's Rapid Deconstruction     Earth                        5
   Trog disapproves of the use of such an item.
Comestibles
 c - 4 bread rations
 s - 4 royal jellies
 F - a fruit
 H - a meat ration
 L - 12 chunks of flesh


   Skills:
 + Level 9.1 Fighting
 * Level 12.1 Long Blades
 + Level 8.7 Armour
 + Level 8.0 Dodging


You had 9 spell levels left.
You didn't know any spells.

Dungeon Overview and Level Annotations

Branches:
Dungeon (9/15)             Temple (0/1) D:6
   Lair: D:8-11         Orc: D:9-12

Altars:
Ashenzari
Cheibriados
Dithmenos
Gozag
Hepliaklqana
Kikubaaqudgha
Makhleb
Okawaru
Sif Muna

Annotations:
D:4 darxusza's ghost, amateur GrMo


Innate Abilities, Weirdness & Mutations

You reflexively headbutt those who attack you in melee.
You have a pair of horns on your head.


Message History

Your skin stops crawling.
You feel less resistant to hostile enchantments.
The death yak gores you but does no damage.
The death yak barely misses you. The death yak misses you.
The death yak gores you!
* * * LOW HITPOINT WARNING * * *
The death yak gores you but does no damage.
The death yak barely misses you. You furiously retaliate!
You headbutt the death yak, but do no damage.
You riposte.
You hit the death yak.
The death yak is lightly wounded.
The death yak closely misses you.
You riposte.
You hit the death yak but do no damage.
The death yak is lightly wounded.
The death yak snorts and paws the ground.
The death yak misses you.
You riposte.
You slash the death yak!
The death yak is moderately wounded.
The death yak gores you!
You die...

#################################
.................................
.#####........#..................
.# #.....#.>#......####........
.#####.....#..#......# #........
...........#.(#......# #........
...........#..#......# #........
#######.......#......####........
. #.........@Y............... .
#.......................... .
######......######.....( .
#......+....#...... .
#......#....#...... .
#......#....#.##### .
#......#....'.# #......#....#.# .
......#....#.#


You could see a death yak.

Vanquished Creatures
  2 two-headed ogres
  2 death yaks (D:9)
  A troll (D:9)
  2 vampire mosquitoes (D:9)
  Duvessa (D:7)
  A porcupine (D:9)
  2 ice beasts
  An orc warrior (D:9)
  A black bear (D:6)
  A phantom (D:8)
  An ogre (D:9)
  A crocodile (D:9)
  3 centaurs
  4 bullfrogs
  Dowan (D:7)
  A scorpion (D:4)
  A water moccasin skeleton (D:6)
  A crimson imp (D:5)
  A jelly (D:8)
  2 hounds (D:9)
  3 orc wizards
  Crazy Yiuf (D:5)
  2 centaur skeletons
  3 orc priests
  6 iguanas
  Ijyb (D:3)
  7 worker ants
  A hound zombie (D:9)
  A hound skeleton (D:4)
  A howler monkey zombie (D:8)
  A worker ant zombie (D:8)
  4 gnolls (D:7)
  2 river rats
  4 adders
  2 oozes
  2 adder zombies (D:5)
  An adder skeleton (D:6)
  3 worms
  3 dart slugs
  7 leopard geckos
  24 orcs
  4 ball pythons
  11 bats
  7 giant cockroaches
  9 goblins
  9 hobgoblins
  25 jackals
  4 kobolds
  7 quokkas
  6 frilled lizards
  A leopard gecko zombie (D:8)
  A quokka skeleton (D:7)
  8 rats
201 creatures vanquished.

Vanquished Creatures (others)
  An adder (D:3)
  A worm (D:3)
2 creatures vanquished.

Grand Total: 203 creatures vanquished

Notes
Turn   | Place    | Note
-------+----------+-------------------------------------------
     0 | D:1      | tof the Minotaur Berserker began the quest for the Orb.
     0 | D:1      | Reached XP level 1. HP: 19/19 MP: 0/0
   310 | D:1      | Reached skill level 4 in Long Blades
   310 | D:1      | Reached XP level 2. HP: 27/27 MP: 1/1
   628 | D:1      | Reached XP level 3. HP: 31/33 MP: 2/2
   913 | D:2      | Reached ** piety under Trog
   983 | D:2      | Reached XP level 4. HP: 21/40 MP: 3/3
  1545 | D:2      | Found an iron altar of Okawaru.
  1785 | D:3      | Reached skill level 5 in Long Blades
  1820 | D:3      | Reached XP level 5. HP: 24/47 MP: 4/4
  2055 | D:3      | Found a burning altar of Makhleb.
  2276 | D:3      | Noticed Ijyb
  2288 | D:3      | Killed Ijyb
  2445 | D:3      | Found a snail-covered altar of Cheibriados.
  2450 | D:3      | Reached *** piety under Trog
  3399 | D:4      | Reached XP level 6. HP: 21/55 MP: 5/5
  3413 | D:4      | Reached skill level 5 in Fighting
  3413 | D:4      | Reached skill level 6 in Long Blades
  3586 | D:4      | Noticed darxusza's ghost (amateur GrMo)
  3852 | D:4      | Found a deep blue altar of Sif Muna.
  3948 | D:5      | Entered Level 5 of the Dungeon
  3962 | D:5      | Noticed an ice beast
  3987 | D:5      | Killed an ice beast
  4125 | D:5      | Reached XP level 7. HP: 30/61 MP: 6/6
  4388 | D:5      | Reached **** piety under Trog
  4634 | D:5      | Found a runed door.
  4638 | D:5      | Noticed Crazy Yiuf
  4644 | D:5      | Killed Crazy Yiuf
  4644 | D:5      | Reached skill level 7 in Long Blades
  5007 | D:5      | Found an ancient bone altar of Kikubaaqudgha.
  5364 | D:6      | Found a glowing drain.
  5388 | D:6      | Reached skill level 5 in Armour
  5401 | Sewer    | Entered a sewer
  5719 | D:6      | Found a staircase to the Ecumenical Temple.
  5771 | D:6      | Reached ***** piety under Trog
  5957 | D:6      | Noticed a two-headed ogre
  5963 | D:6      | Killed a two-headed ogre
  5963 | D:6      | Reached skill level 8 in Long Blades
  5963 | D:6      | Reached skill level 5 in Dodging
  5963 | D:6      | Reached XP level 8. HP: 71/71 MP: 7/7
  6084 | D:6      | Reached skill level 9 in Long Blades
  6263 | D:7      | Found a hazy altar of Hepliaklqana.
  6263 | D:7      | Found a shattered altar of Ashenzari.
  6283 | D:7      | Received a gift from Trog
  6846 | D:7      | Noticed Duvessa
  6847 | D:7      | Noticed Dowan
  6857 | D:7      | Killed Duvessa
  6877 | D:7      | Killed Dowan
  6917 | D:7      | Found a deep blue altar of Sif Muna.
  7011 | D:7      | Reached XP level 9. HP: 79/79 MP: 8/8
  7052 | D:7      | Found an opulent altar of Gozag.
  7135 | D:8      | Noticed a two-headed ogre
  7265 | D:8      | Received a gift from Trog
  7466 | D:8      | Reached skill level 10 in Long Blades
  7577 | D:8      | You fall through a shaft!
  7840 | D:8      | Killed a two-headed ogre
  8076 | D:9      | Found a shadowy altar of Dithmenos.
  8110 | D:9      | Reached skill level 11 in Long Blades
  8128 | D:9      | Noticed a troll
  8145 | D:9      | Killed a troll
  8425 | D:9      | Reached XP level 10. HP: 56/90 MP: 3/9
  8779 | D:9      | Noticed a death yak
  8779 | D:9      | Noticed a death yak
  8783 | D:9      | Noticed a death yak
  8790 | D:9      | Killed a death yak
  8801 | D:9      | Killed a death yak
  8801 | D:9      | Reached skill level 12 in Long Blades
  8808 | D:9      | HP: 4/91 [death yak (10)]
  8817 | D:9      | Mangled by a death yak

Vault maps used:
D:1:      dpeg_arrival_shelter, minmay_misc_feat_rugged
D:2:      lemuel_round_altar
D:3:      lemuel_round_altar, lemuel_round_altar, lemuel_old_faithful, uniq_ijyb
D:4:      lemuel_crystal_altar
D:5:      kennysheep_little_box, first_bread, uniq_crazy_yiuf_cottage
D:6:      minmay_temple_entry_crystal_x, portal_sewer_entry_c
D:7:      nicolae_gozag_cash_rules_everything_around_me,
          grunt_temple_overflow_open, led_sif_book, uniq_duvessa
D:8:      kennysheep_another_room
D:9:      overflow_temple_1_default, dpeg_lair_monsters
Sewer:    sewer_fruit_machine

Skill      XL: |  1  2  3  4  5  6  7  8  9 10 |
---------------+-------------------------------+-----
Long Blades    | 4 5 6 8 9 11 12 | 12.1
Fighting       | 4 5 6 7 8 9 |  9.1
Armour         | 3 4 6 8 |  8.7
Dodging        | 3 4 5 6 7 8 |  8.0

Action                   |  1- 3 |  4- 6 |  7- 9 | 10-12 || total
-------------------------+-------+-------+-------+-------++-------
Melee: Falchion          |    69 |   176 |   168 |       ||   413
       Headbutt          |    10 |    46 |    64 |    10 ||   130
       Demon blade       |       |       |    66 |    36 ||   102
Throw: Tomahawk          |       |       |     1 |       ||     1
Invok: Berserk           |       |     1 |     2 |     1 ||     4
       Trog's Hand       |       |       |       |     1 ||     1
  Use: Scroll            |       |     2 |     5 |       ||     7
  Eat: Chunk             |       |    11 |    16 |     1 ||    28
Armor: Ring mail         |    29 |    59 |    80 |       ||   168
       Chain mail        |       |       |     5 |    17 ||    22
Dodge: Dodged            |    37 |   101 |   185 |    16 ||   339
       Rpst.: Falchion   |     6 |    28 |    44 |       ||    78
       Demon blade       |       |       |     8 |     9 ||    17

Table legend:
 A = Spawn XP
 B = Non-spawn XP
 C = Spawn XP percentage of total XP
 D = Spawn monster count
 E = Non-spawn monster count
 F = Spawn count percentage of total count
 G = Total turns spent on level
                    A         B        C        D         E        F      G
               +---------+---------+-------+---------+---------+-------+---------
         Total |       0 |    7808 |   0.0 |       0 |     201 |   0.0 |  8817
               +---------+---------+-------+---------+---------+-------+---------
           D:1 |       0 |      48 |   0.0 |       0 |      23 |   0.0 |   882
           D:2 |       0 |      92 |   0.0 |       0 |      22 |   0.0 |   876
           D:3 |       0 |     127 |   0.0 |       0 |      22 |   0.0 |  1376
           D:4 |       0 |     250 |   0.0 |       0 |      23 |   0.0 |   814
           D:5 |       0 |     462 |   0.0 |       0 |      19 |   0.0 |  1355
           D:6 |       0 |    1216 |   0.0 |       0 |      21 |   0.0 |   657
           D:7 |       0 |     690 |   0.0 |       0 |      14 |   0.0 |   902
           D:8 |       0 |    1645 |   0.0 |       0 |      15 |   0.0 |   863
           D:9 |       0 |    3236 |   0.0 |       0 |      26 |   0.0 |   789
         Sewer |       0 |      42 |   0.0 |       0 |      16 |   0.0 |   303
               +---------+---------+-------+---------+---------+-------+---------
